 Dungeon Crawl Stone Soup version 0.29-a0-993-g4a18f31a58 (webtiles) character file.

Game seed: 9749010651328112668

875 jlumianski the Chopper (level 7, -2/55 (62) HPs)
             Began as a Minotaur Fighter on Aug 2, 2022.
             Slain by a wight
             ... wielding a +2 falchion of freezing
              (11 damage)
             ... on level 6 of the Dungeon.
             The game lasted 00:14:34 (5490 turns).

jlumianski the Chopper (Minotaur Fighter)           Turns: 5490, Time: 00:14:35

HP:   -2/55 (62)    AC:  7    Str: 22    XL:     7   Next: 74%
MP:   6/6           EV: 10    Int:  5    God:
Gold: 300           SH:  4    Dex: 10    Spells: 6/6 levels left

rFire   . . .      SeeInvis .   a - +0 war axe
rCold   . . .      Faith    .   c - +0 buckler
rNeg    . . .      Spirit   .   b - +0 scale mail
rPois   +          Reflect  .   (helmet restricted)
rElec   .          Harm     .   (no cloak)
rCorr   .          Rampage  .   (no gloves)
Will    .....                   (no boots)
Stlth   ..........              (no amulet)
HPRegen 0.18/turn               i - ring of poison resistance
MPRegen 0.10/turn               (no ring)

@: heavily drained
A: horns 2, retaliatory headbutt
a: no special abilities


You were on level 6 of the Dungeon.
You visited 1 branch of the dungeon, and saw 6 of its levels.

You collected 300 gold pieces.

Inventory:

Hand Weapons
 a - a +0 war axe (weapon)
 p - a +2 vampiric spear
 q - the +1 short sword of the Heavens {vorpal, rC- Str+5 Int+4}
   (You found it on level 3 of the Dungeon)

   It inflicts extra damage upon your enemies.
   Str:       It affects your strength (+5).
   Int:       It affects your intelligence (+4).
   rC:        It makes you vulnerable to cold.
 r - a +2 short sword of venom
 s - a +0 dagger
 A - a +1 flail of protection
Missiles
 h - 9 poisoned darts
 m - 55 stones
 o - 6 boomerangs (quivered)
 u - 4 atropa-tipped darts
 z - a throwing net
Armour
 b - a +0 scale mail (worn)
 c - a +0 buckler (worn)
Magical Staves
 n - a staff of air
Jewellery
 i - a ring of poison resistance (left hand)
Wands
 d - a wand of light (11)
Scrolls
 f - a scroll of amnesia {unknown}
 g - a scroll of vulnerability {unknown}
 j - a scroll of magic mapping
 k - a scroll of fear {unknown}
 l - 2 scrolls of blinking {unknown}
 t - a scroll of noise {unknown}
 w - 2 scrolls of poison {unknown}
 x - a scroll of silence {unknown}
 y - a scroll of enchant weapon {unknown}
Potions
 e - a potion of berserk rage
 v - a potion of cancellation {unknown}
 B - a potion of brilliance {unknown}


   Skills:
 + Level 5.7 Fighting
 + Level 6.9 Axes
 + Level 0.4 Throwing
 + Level 6.4 Armour
 + Level 2.2 Dodging
 + Level 0.3 Stealth
 + Level 4.8 Shields


You had 6 spell levels left.
You didn't know any spells.
Your spell library contained the following spells:

 Spells                   Type           Power      Damage    Failure   Level
 Summon Small Mammal      Summ           0%         N/A       86%         1
 Scorch                   Fire           0%         2d5       94%         2
 Call Canine Familiar     Summ           0%         N/A       99%         3
 Inner Flame              Hex/Fire       0%         N/A       99%         3
 Summon Guardian Golem    Hex/Summ       0%         N/A       99%         3
 Hailstorm                Conj/Ice       0%         3d3       100%        4
 Leda's Liquefaction      Hex/Erth       0%         N/A       100%        4
 Lee's Rapid Deconstruct  Erth           0%         3d5*      100%        5
 Statue Form              Tmut/Erth      0%         N/A       100%        6
 Ozocubu's Refrigeration  Ice            0%         4d7       100%        7


Dungeon Overview and Level Annotations

Branches:
Dungeon (6/15)
 Temple: D:4-7

Altars:

Shops:
D:4 =


Innate Abilities, Weirdness & Mutations

You have a pair of horns on your head.
You reflexively headbutt those who attack you in melee.


Message History

The boomerang hits the wight but does no damage.
You hit the wight but do no damage. Your headbutt misses the wight.
The wight hits you with a +2 falchion of freezing!
You feel drained. The wight freezes you.
You closely miss the wight. Your headbutt misses the wight.
The wight hits you with a +2 falchion of freezing.
You feel drained. The wight freezes you.
The wight hits you with a +2 falchion of freezing.
The wight freezes you.
You hit the wight.
The wight is lightly damaged.
The wight hits you with a +2 falchion of freezing.
You feel drained. The wight freezes you.
You hit the wight.
The wight is heavily damaged.
The wight hits you with a +2 falchion of freezing.
You feel drained. The wight freezes you. The wight attacks as you move away!
The wight hits you but does no damage.
You see here a +0 ring mail.
The wight attacks as you move away! The wight hits you but does no damage.
The wight attacks as you move away! You block the wight's attack.
You see here a +0 flail.
The wight attacks as you move away!
The wight hits you with a +2 falchion of freezing!
* * * LOW HITPOINT WARNING * * *
You feel drained.
* * * LOW HITPOINT WARNING * * *
The wight freezes you.
* * * LOW HITPOINT WARNING * * *
The wight attacks as you move away!
The wight hits you with a +2 falchion of freezing.
* * * LOW HITPOINT WARNING * * *
The wight freezes you.
* * * LOW HITPOINT WARNING * * *
Okay, then.
Okay, then.
The wight attacks as you move away! The wight completely misses you.
The wight attacks as you move away!
The wight hits you with a +2 falchion of freezing!
You die...

.....##..###########.######
.##. #.[# .# ##. #..# z# ..
#..# .# ##. #.z## zz .##.
#).z# #+ ...$.##.#.##
#...'.#.z# #####.##@##
#.....# #.....#
########))...#
.............#
####.###.....# #.........#
#####.....# ###.....#


You could see 3 wights.

Vanquished Creatures
  Sigmund (D:5)
  2 ogres
  A phantom (D:5)
  3 hounds
  2 jellies (D:5)
  2 iguanas (D:5)
  Robin (D:2)
  4 gnolls (D:6)
  10 adders
  A shadow imp (D:5)
  A white imp (D:3)
  An ufetubus (D:4)
  A worm (D:2)
  6 dart slugs
  3 orcs
  5 ball pythons
  4 bats
  10 endoplasms
  3 giant cockroaches
  10 goblins
  8 hobgoblins
  6 jackals
  5 quokkas
  6 frilled lizards
  7 kobolds
  3 rats
106 creatures vanquished.

Vanquished Creatures (others)
  5 fungi (D:6)
5 creatures vanquished.

Grand Total: 111 creatures vanquished

Notes
Turn   | Place    | Note
-------+----------+-------------------------------------------
     0 | D:1      | jlumianski the Minotaur Fighter began the quest for the
                  | Orb.
     0 | D:1      | Reached XP level 1. HP: 19/19 MP: 0/0
   147 | D:2      | Reached XP level 2. HP: 20/27 MP: 1/1
   430 | D:1      | Reached XP level 3. HP: 28/33 MP: 2/2
   649 | D:1      | Found a faded altar of an unknown god.
   660 | D:1      | Got the Meditations on Graupel and the Summer
  1744 | D:3      | Reached XP level 4. HP: 30/41 MP: 3/3
  1754 | D:4      | Noticed an ogre
  2076 | D:3      | Noticed Robin
  2098 | D:2      | Killed Robin
  2099 | D:2      | Reached skill level 1 in Dodging
  2585 | D:3      | Identified the +1 short sword of the Heavens {vorpal, rC-
                  | Str+5 Int+4}
  2789 | D:4      | Reached XP level 5. HP: 47/47 MP: 4/4
  3059 | D:4      | Reached skill level 5 in Armour
  3311 | D:4      | Reached XP level 6. HP: 51/53 MP: 5/5
  3317 | D:5      | Entered Level 5 of the Dungeon
  3492 | D:4      | Reached skill level 5 in Axes
  3497 | D:4      | Found Uskip's Jewellery Emporium.
  4038 | D:5      | Reached skill level 5 in Fighting
  4178 | D:5      | Noticed Sigmund
  4199 | D:5      | Killed Sigmund
  4200 | D:5      | Reached XP level 7. HP: 26/61 MP: 6/6
  4746 | D:5      | Noticed a hornet
  4751 | D:5      | Paralysed by a hornet for 3 turns
  5490 | D:6      | Slain by a wight

Illustrated notes

Levels and vault maps discovered:
D:1:      spicycebolla_green_bress_n_ham_2, layout_rooms,
          hellmonk_ecumenical_altar_arch_garden
D:2:      layout_loops_ring, palyth_stone_intersect
D:3:      layout_basic, uniq_robin
D:4:      layout_basic, serial_shops, nicolae_lakefront_shop,
          chequers_arboretum, grunt_ministairs_11
D:5:      minmay_diamond_boxcup, layout_cave_pods, uniq_sigmund
D:6:      kennysheep_big_flooded_room, layout_basic, serial_aquarium,
          aquarium_bridge_square [aquarium_subvault_wall,
          aquarium_subvault_balcony, aquarium_subvault_bridge,
          aquarium_subvault_bridge], aquarium_window_corner, aquarium_window_2,
          aquarium_view_2e, minmay_pentangle

Skill      XL: |  1  2  3  4  5  6  7 |
---------------+----------------------+-----
Fighting       | 4 5 |  5.7
Armour         | 4 5 6 |  6.4
Shields        | 4 |  4.8
Axes           | 3 4 6 |  6.9
Dodging        | 1 2 |  2.2
Throwing       | |  0.4
Stealth        | |  0.3

Action                   |  1- 3 |  4- 6 |  7- 9 || total
-------------------------+-------+-------+-------++-------
Melee: War axe           |   102 |   123 |    38 ||   263
       Headbutt          |     8 |    18 |     7 ||    33
Throw: Boomerang         |       |     2 |     6 ||     8
  Use: Scroll            |     4 |       |     2 ||     6
       Potion            |       |     2 |     1 ||     3
Armor: Scale mail        |    64 |    62 |     7 ||   133
Dodge: Dodged            |    39 |    70 |    17 ||   126
Block: Buckler           |    25 |    31 |     3 ||    59

Table legend: (Time is in decaauts)
 A = Elapsed time spent in this place.
 B = Non-inter-level travel time spent in this place.
 C = Inter-level travel time spent in this place.
 D = Time resting spent in this place.
 E = Time spent auto-exploring this place.
 F = Levels seen in this place.
 G = Mean time per level.
                   A        B        C        D        E       F      G
               +--------+--------+--------+--------+--------+-----+--------+
         Total |   5589 |   5477 |    112 |    543 |   3609 |   6 |  931.5 |
       Dungeon |   5589 |   5477 |    112 |    543 |   3609 |   6 |  931.5 |
               +--------+--------+--------+--------+--------+-----+--------+

Top non-repeatable levels by time:
     D:4: 1066 daAuts
     D:3: 1038 daAuts
     D:5: 1027 daAuts
     D:2: 934 daAuts
     D:1: 830 daAuts
     D:6: 691 daAuts
